AoeStats
← JamesNewstedd

Arena

508030019Analyzed
4v4 RM · 12d ago on Sep 20, 2026· 41m 41s· 8 players
Game mode
Random Map
Map size
Large (8 player)
Population
200
Speed
Normal
Resources
Standard
Victory
Conquest
Starting age
Dark Age
Ending age
Imperial Age
RankedLock teamsTeams togetherTeam positionsShared explorationLock speedFull tech treeHidden civsTurbo modeCheats
Victory
Defeat
🇩🇪 Khmer · Germany
1610
+13
🇩🇪 Georgians · Germany
1585
+14
🇩🇪 Italians · Germany
1485
+18
🇩🇪 Dravidians · Germany
1460
+19
🇪🇸 Mongols · Spain
1648
-20
🇪🇸 Koreans · Spain
1611
-19
🇲🇽 Romans · Mexico
1484
-14
🇪🇸 Bohemians · Spain
1405
-11
105er.G0ldenFir3
10:11 Feudal Age
10:30 Feudal Age
13:36 Castle Age
11:49 Double-Bit Axe
11:45 Horse Collar
15:29 Bow Saw
19:32 Heavy Plow
20:47 Wheelbarrow
22:06 Gold Mining
22:09 Stone Mining
23:51 Gold Shaft Mining
27:31 Imperial Age
25:17 Hand Cart
25:51 Stone Shaft Mining
25:44 Loom
25:48 Town Watch
26:29 Ballistics
27:44 Scale Barding Armor
27:30 Light Cavalry
28:20 Bloodlines
28:10 Husbandry
29:13 Chain Barding Armor
29:24 Crop Rotation
32:53 Plate Barding Armor
32:24 Hussar
33:49 Forging
35:49 Chemistry
34:55 Siege Engineers
36:32 Iron Casting
35:22 Heavy Scorpion
37:40 Conscription
37:21 Double Crossbow
38:42 Elite Battle Elephant
40:27 Blast Furnace
105er.DarkSheep
2:07 Loom
4:45 Loom
8:12 Loom
12:52 Feudal Age
16:28 Castle Age
15:24 Double-Bit Axe
15:21 Horse Collar
22:09 Bow Saw
24:54 Heavy Plow
26:04 Wheelbarrow
26:51 Gold Mining
26:48 Town Watch
27:12 Fletching
28:08 Ballistics
27:34 Elite Skirmisher
28:19 Padded Archer Armor
28:33 Bodkin Arrow
29:27 Pikeman
30:32 Leather Archer Armor
31:31 Hand Cart
31:29 Scale Mail Armor
32:06 Squires
38:01 Imperial Age
35:57 Stone Mining
37:12 Thumb Ring
40:06 Two-Man Saw
40:28 Elite Elephant Archer
41:13 Bracer
42:14 Chemistry
42:37 Ring Archer Armor
42:12 Husbandry
105er.James Newstedd
10:48 Feudal Age
14:42 Castle Age
16:54 Wheelbarrow
16:12 Horse Collar
16:20 Double-Bit Axe
17:57 Bow Saw
22:52 Gold Mining
22:53 Stone Mining
23:33 Hand Cart
25:28 Stone Mining
28:33 Imperial Age
26:38 Scale Mail Armor
26:49 Forging
27:39 Stone Shaft Mining
26:52 Town Watch
26:53 Loom
28:13 Chain Mail Armor
28:52 Iron Casting
28:23 Squires
28:09 Arson
29:12 Town Patrol
30:47 Chemistry
29:58 Fortified Wall
31:17 Plate Mail Armor
31:48 Blast Furnace
31:42 Ballistics
32:38 Conscription
32:56 Hoardings
36:32 Bombard Tower
36:26 Masonry
35:56 Treadmill Crane
36:16 Murder Holes
JamesNewstedd
11:23 Feudal Age
13:02 Double-Bit Axe
12:58 Horse Collar
15:44 Castle Age
17:37 Bow Saw
18:19 Wheelbarrow
19:19 Fervor
21:00 Heavy Plow
24:45 Hand Cart
24:33 Gold Mining
26:39 Stone Mining
30:06 Imperial Age
27:57 Scale Barding Armor
28:09 Scale Mail Armor
29:23 Stone Shaft Mining
29:18 Chain Barding Armor
29:07 Pikeman
29:47 Squires
29:33 Arson
30:05 Chain Mail Armor
30:01 Forging
29:38 Treadmill Crane
30:23 Svan Towers
30:27 Halberdier
31:21 Guilds
32:05 Plate Barding Armor
30:52 Light Cavalry
31:33 Husbandry
31:44 Bloodlines
32:17 Conscription
32:39 Plate Mail Armor
32:37 Hussar
33:58 Iron Casting
34:55 Town Watch
35:34 Aznauri Cavalry
35:33 Elite Monaspa
37:32 Blast Furnace
37:40 Hoardings
pau795
9:55 Feudal Age
14:00 Castle Age
12:12 Double-Bit Axe
12:34 Horse Collar
14:58 Bow Saw
24:41 Wheelbarrow
27:47 Imperial Age
25:08 Loom
26:49 Hand Cart
26:36 Stone Mining
26:36 Gold Mining
26:34 Town Watch
27:23 Fletching
28:00 Bodkin Arrow
29:48 Chemistry
30:05 Shinkichon
30:01 Heavy Rocket Cart
31:22 Siege Engineers
31:52 Ballistics
32:33 Bracer
34:00 Murder Holes
DS_Maulet
7:40 Feudal Age
6:06 Loom
12:08 Double-Bit Axe
12:05 Horse Collar
20:53 Castle Age
18:54 Stone Mining
19:01 Gold Mining
21:53 Wheelbarrow
22:02 Bow Saw
22:06 Heavy Plow
22:11 Fletching
23:11 Bodkin Arrow
24:33 Padded Archer Armor
28:27 Hand Cart
33:28 Imperial Age
32:19 Bloodlines
32:20 Husbandry
33:06 Thumb Ring
34:10 Ballistics
34:22 Bracer
36:10 Chemistry
36:29 Conscription
36:38 Elite Mangudai
39:35 Parthian Tactics
Mike_Tango
10:46 Feudal Age
12:28 Loom
15:30 Castle Age
13:52 Double-Bit Axe
14:12 Horse Collar
16:47 Bow Saw
29:56 Imperial Age
28:02 Wheelbarrow
27:14 Town Watch
27:26 Pikeman
28:06 Squires
28:10 Scale Mail Armor
29:48 Chemistry
29:19 Wagenburg Tactics
29:33 Chain Mail Armor
29:50 Hand Cart
30:09 Heavy Plow
30:23 Forging
30:38 Halberdier
31:09 Houfnice
32:31 Plate Mail Armor
32:47 Conscription
33:41 Iron Casting
34:12 Fletching
34:27 Scale Barding Armor
34:46 Ballistics
34:22 Murder Holes
34:38 Masonry
34:41 Arson
35:59 Blast Furnace
34:55 Bodkin Arrow
36:46 Chain Barding Armor
Psi doc
11:25 Feudal Age
15:46 Castle Age
13:39 Double-Bit Axe
16:45 Bow Saw
18:11 Horse Collar
19:26 Loom
19:31 Town Watch
23:30 Heavy Plow
24:40 Wheelbarrow
27:37 Hand Cart
27:29 Gold Mining
27:29 Light Cavalry
28:20 Bloodlines
29:04 Gold Shaft Mining
28:25 Stone Mining
29:54 Scale Barding Armor
32:29 Imperial Age
32:37 Chain Barding Armor
32:27 Forging
32:24 Loom
33:54 Plate Barding Armor
33:43 Conscription
34:01 Comitatenses
34:15 Husbandry
35:03 Iron Casting
34:01 Cavalier
35:50 Elite Centurion
38:16 Blast Furnace
39:36 Crop Rotation
41:13 Ballistas
Connection lost

Rejoining the realm…

Still unreachable

The connection could not be restored.

Session expired

The server has moved on; the page needs a fresh start.